 Dungeon Crawl Stone Soup version 0.20.0-10-g0535bb4 (webtiles) character file.

814 4thArraOfDagon the Changer (level 7, -4/78 HPs)
             Began as a Barachi Transmuter on June 4, 2017.
             Was an Initiate of Okawaru.
             Slain by a hungry ghost (5 damage)
             ... on level 7 of the Dungeon.
             The game lasted 00:13:35 (1566 turns).

4thArraOfDagon the Changer (Barachi Transmuter)     Turns: 1566, Time: 00:13:36

Health: -4/78      AC:  4    Str: 17    XL:     7   Next: 93%
Magic:  7/10       EV: 13    Int: 15    God:    Okawaru [......]
Gold:   212        SH:  0    Dex: 12    Spells: 2/10 levels left

rFire    . . .     SeeInvis .     - Unarmed
rCold    . . .     Gourm    .   (no shield)
rNeg     . . .     Faith    .   b - +1 robe
rPois    .         Spirit   .   h - +0 helmet
rElec    .         Reflect  .   (no cloak)
rCorr    .         Harm     .   (no gloves)
MR       .....                  (no boots)
Stlth    ..........             (no amulet)
Regen    0.3/turn               o - ring of flight
MPRegen  0.2/turn               (no ring)

@: berserking (expiring), hasted, quick
A: +LOS, swims, slowness 1, strong legs 1
a: Hop, Renounce Religion, Evoke Flight


You were on level 7 of the Dungeon.
You worshipped Okawaru.
Okawaru was noncommittal.
You were hungry.

You visited 2 branches of the dungeon, and saw 8 of its levels.

You collected 212 gold pieces.

Inventory:

Missiles
 a - 18 arrows
Armour
 b - a +1 robe (worn)
 h - a +0 helmet (worn)
Jewellery
 o - a ring of flight (left hand)
Scrolls
 n - a scroll of remove curse
Potions
 e - a potion of brilliance {unknown}
 k - 2 potions of flight
Books
 c - a book of Changes

   Spells                             Type                      Level
   a - Beastly Appendage              Transmutation                1
   b - Sticks to Snakes               Transmutation                2
   c - Spider Form                    Transmutation/Poison         3
   d - Ice Form                       Ice/Transmutation            4
   e - Blade Hands                    Transmutation                5
Comestibles
 d - 2 bread rations
 f - 2 meat rations
 g - a chunk of flesh
 m - a royal jelly


   Skills:
 + Level 3.0 Fighting
 + Level 3.2 Dodging
 - Level 5.3 Unarmed Combat
 - Level 2.1 Spellcasting
 + Level 6.6 Transmutations
 - Level 3.1 Poison Magic
 + Level 1.6 Invocations


You had 2 spell levels left.
You knew the following spells:

 Your Spells              Type           Power        Failure   Level  Hunger
a - Beastly Appendage     Tmut           ###...       1%          1    #......
b - Sticks to Snakes      Tmut           ###.....     2%          2    ###....
c - Spider Form           Tmut/Pois      ###.......   9%          3    ###....
d - Blink                 Tloc           N/A          32%         2    ###....


Dungeon Overview and Level Annotations

Branches:
Dungeon (7/15)             Temple (1/1) D:5

Altars:
Ashenzari
Elyvilon
Fedhas
Gozag
Hepliaklqana
Okawaru
Qazlal
Ru
Sif Muna
Trog
Uskayaw
Vehumet
Xom
Zin
The Shining One

Annotations:
D:2 Sigmund
D:7 Joseph


Innate Abilities, Weirdness & Mutations

Shadows flee at your approach. (+LOS)
You can swim through water.
You cover ground slowly.
You can hop short distances.


Message History

Unknown command.
You bite the hungry ghost!
The hungry ghost is heavily damaged.
The hungry ghost misses you.
Unknown command.
You closely miss the hungry ghost.
The hungry ghost is heavily damaged.
Your transformation has ended.
Your +0 helmet unmelds from your body.
Your +1 robe unmelds from your body.
The leopard gecko barely misses you. The hungry ghost hits you.
* * * LOW HITPOINT WARNING * * *
You are feeling hungry.
You closely miss the hungry ghost.
The hungry ghost is heavily damaged.
The leopard gecko closely misses you.
Unknown command.
You punch the hungry ghost!
The hungry ghost is severely damaged.
The hungry ghost hits you.
You die...

#######
#.....#
#.....#
#.....#
#...l.#
#..@W.#
###.#.#
###.# #.#
...Fl...l..#
####...W...#
#.###.#.# #
..... ..#..#


You could see a hungry ghost and a leopard gecko.

Vanquished Creatures
  A hippogriff (D:5)
  An ogre (D:5)
  A bullfrog (D:7)
  A scorpion (D:4)
  A gnoll shaman (D:5)
  A hound (D:4)
  2 worker ants
  3 gnolls (D:5)
  3 adders
  A leopard gecko (D:5)
  4 orcs
  2 giant cockroaches
  6 hobgoblins
  A jackal (D:4)
  3 kobolds
  2 bats (D:2)
  3 rats (D:1)
36 creatures vanquished.

Vanquished Creatures (collateral kills)
  A hippogriff (D:7)
  An ogre (D:4)
  A bullfrog zombie (D:5)
  An adder (D:5)
  A goblin (D:3)
  A leopard gecko zombie (D:5)
  A quokka skeleton (D:4)
  A rat (D:3)
8 creatures vanquished.

Grand Total: 44 creatures vanquished

Notes
Turn   | Place    | Note
-------+----------+-------------------------------------------
     0 | D:1      | 4thArraOfDagon the Barachi Transmuter began the quest for the Orb.
     0 | D:1      | Reached XP level 1. HP: 15/15 MP: 3/3
     0 | D:1      | Gravenous: like, you don't see swamp worms going after you when you get swamp rune
    22 | D:1      | BLOAX: swamp worms live in swamp
    25 | D:1      | BLOAX: panlords live in pan
    45 | D:1      | BLOAX: you're still in pan as they're chasing you :)
    92 | D:1      | Gravenous: seems like something a bureaucrat would say tbh x]
   125 | D:2      | BLOAX: seems like something a thief would say!
   156 | D:2      | Gravenous: <.<
   166 | D:2      | Found a white marble altar of Elyvilon.
   169 | D:2      | BLOAX: ;^)
   170 | D:2      | Reached XP level 2. HP: 19/21 MP: 3/5
   176 | D:2      | Learned a level 2 spell: Sticks to Snakes
   179 | D:2      | Gravenous: anyway such wonderful weather we're having at D:2
   205 | D:2      | Turgon: https://crawl.develz.org/tavern/viewtopic.php?f=17&t=23740&sid=384402322b6c08019daa7f43969307ca
   212 | D:2      | BLOAX: i know right
   216 | D:2      | Noticed Sigmund
   217 | D:2      | BLOAX: no adders in sight
   220 | D:2      | BLOAX: and a free sigmund
   223 | D:2      | Gravenous: well he's not wrong tbh
   225 | D:2      | Gravenous: 0.20 seems really cruel
   253 | D:3      | Gravenous: back in 0.16 I could win XxXx^chei pretty much at will
   297 | D:3      | Gravenous: now it's all shock serpents and juggernauts and stuff
   306 | D:3      | BLOAX: +2 fighting, +1 unarmed, +1 dodging, +2 armour, +1 transmut
   306 | D:3      | BLOAX: not bad
   306 | D:3      | Gravenous: yeh frogdudes are honestly pretty nice for a challenge race
   306 | D:3      | ReniFell: its mostly about stats
   306 | D:3      | ReniFell: !sid
   306 | D:3      | Gravenous: the jump as well
   306 | D:3      | ReniFell: ??sid
   306 | D:3      | beem: stat gain[2/2]: Ba sid/5
                  | Ce sd/4
                  | DD si/4
                  | DE i/4
                  | Dg choose2/3
                  | Dr sid/4
                  | Ds sid/4
                  | Fe id/5
                  | Fo si/4
                  | Gh s/5
                  | Gr si/4
                  | Ha d/5
                  | HE id/3
                  | HO s/5
                  | Hu sid/4
                  | Ko sd/5
                  | Mf sid/5
                  | Mi sd/4
                  | Mu sid/5
                  | Na sid/4
                  | Og s/3
                  | Op sid/5
                  | Sp id/5
                  | Te sid/4
                  | Tr s/3
                  | Vp id/5
                  | VS sd/4
   306 | D:3      | BLOAX: if only there was a way to raise your stats
   355 | D:4      | Noticed a scorpion
   605 | D:4      | Noticed an ogre
   619 | D:4      | Killed an ogre
   619 | D:4      | Reached skill level 5 in Unarmed Combat
   619 | D:4      | Reached XP level 3. HP: 27/27 MP: 2/6
   619 | D:4      | Reached XP level 4. HP: 33/33 MP: 2/7
   624 | D:4      | Learned a level 3 spell: Spider Form
   720 | D:5      | Entered Level 5 of the Dungeon
   785 | D:4      | Reached skill level 1 in Poison Magic
   785 | D:4      | Reached XP level 5. HP: 26/38 MP: 5/8
   812 | D:4      | Noticed a phantom
   812 | D:4      | Turgon: What's the meaning of sid?
   879 | D:4      | BLOAX: str/int/dex upon gaining XL
   882 | D:4      | Turgon: thx
   883 | D:4      | BLOAX: the random stats that you gain
   921 | D:4      | Gravenous: so sid/5 means you get one of str int or dex every 5 xlvls?
   942 | D:4      | BLOAX: yes
   944 | D:4      | Reached skill level 3 in Transmutations
   962 | D:4      | BLOAX: and s/3 means you only get str every 3
   982 | D:5      | Noticed an ogre
   986 | D:5      | Gravenous: just ogre things
   990 | D:5      | Killed an ogre
   990 | D:5      | Reached XP level 6. HP: 44/44 MP: 2/9
   994 | D:5      | Reached skill level 4 in Transmutations
  1044 | D:5      | Found a staircase to the Ecumenical Temple.
  1049 | D:5      | Noticed a hippogriff
  1143 | D:5      | Killed a hippogriff
  1143 | D:5      | Reached skill level 6 in Transmutations
  1143 | D:5      | Reached XP level 7. HP: 15/50 MP: 1/10
  1158 | Temple   | Entered the Ecumenical Temple
  1191 | Temple   | 4thArraOfDagon: no chei :(
  1191 | Temple   | BLOAX: r o b b e d
  1196 | Temple   | Became a worshipper of Warmaster Okawaru
  1196 | Temple   | BLOAX: ^qyes in protest
  1331 | D:5      | Learned a level 2 spell: Blink
  1523 | D:7      | Noticed Joseph
  1535 | D:7      | Noticed a hippogriff
  1544 | D:7      | Noticed a hungry ghost
  1552 | D:7      | HP: 1/50 [hippogriff (4)]
  1552 | D:7      | Killed a hippogriff
  1552 | D:7      | Reached skill level 1 in Invocations
  1559 | D:7      | BLOAX: 1 HP BERSERK
  1564 | D:7      | HP: 1/78 [hungry ghost (2)]
  1566 | D:7      | Slain by a hungry ghost

Skill      XL: |  1  2  3  4  5  6  7 |
---------------+----------------------+-----
Fighting       | 2 3 |  3.0
Unarmed Combat | 5 |  5.3
Poison Magic   | 1 2 3 |  3.1
Transmutations | 3 6 |  6.6
Dodging        | 3 |  3.2
Invocations    | 1 |  1.6
Spellcasting   | |  2.1

Action                   |  1- 3 |  4- 6 |  7- 9 || total
-------------------------+-------+-------+-------++-------
Melee: Unarmed           |    42 |    63 |    29 ||   134
       Kick              |     1 |       |       ||     1
       Headbutt          |     1 |       |       ||     1
       Punch             |     1 |       |       ||     1
 Cast: Beastly Appendage |     4 |       |       ||     4
       Sticks to Snakes  |     8 |    13 |     1 ||    22
       Spider Form       |       |     4 |     3 ||     7
 Abil: Hop               |     3 |     1 |       ||     4
  Use: Scroll            |     2 |     4 |     3 ||     9
       Potion            |     2 |     4 |     3 ||     9
 Stab: Sleeping          |     1 |       |       ||     1
       Distracted        |       |     1 |       ||     1
  Eat: Chunk             |       |     3 |     2 ||     5
Armor: Robe              |    12 |     6 |       ||    18
       Skin              |     1 |    18 |     2 ||    21
Dodge: Dodged            |    40 |    56 |    31 ||   127
